Map: Tours du crépuscule

Players

NeWHoriZonS - Winner!

  • Race: Protoss Protoss
  • League: Platinum

Gaoh

  • Race: Terran Terran

VOD

Have the link to the VOD?

Description

Time

  • Played on: April 15, 2016, 5:51 p.m.
  • Length: 10:29
Show
View Real Time Build Order
Export as new Build Order

NeWHoriZonS Protoss - Winner!

Build Orders:  

Get SALT Encoding   

  12  0:01  Probe (Chrono Boost)  
  13  0:12  Probe (Chrono Boost)  
  14  0:19  Pylon  
  14  0:23  Probe (Chrono Boost)  
  15  0:37  Gateway, Probe (Chrono Boost)  
  16  0:48  Assimilator, Probe (Chrono Boost)  
  17  0:53  Assimilator  
  17  0:58  Probe (Chrono Boost)  
  18  1:09  Probe (Chrono Boost)  
  19  1:14  Gateway  
  19  1:22  Probe (Chrono Boost)  
  20  1:27  Cybernetics Core  
  21  1:33  Probe (Chrono Boost)  
  21  1:43  Pylon, Probe (Chrono Boost)  
  22  2:03  Stalker x2  
  22  2:05  Mothership Core (Chrono Boost)  
  28  2:09  Pylon  
  28  2:32  Warp Gate (Chrono Boost)  
  28  2:33  Stalker x2  
  32  2:57  Nexus  
  32  3:06  Probe  
  33  3:18  Probe  
  34  3:40  Probe  
  35  3:44  Robotics Facility  
  35  3:46  Gateway  
  35  3:48  Gateway  
  35  3:52  Pylon, Probe  
  36  4:04  Probe  
  36  4:07  Probe  
  38  4:17  Probe  
  39  4:18  Probe  
  40  4:29  Probe x2  
  42  4:40  Probe  
  42  4:41  Warp Prism (Chrono Boost), Probe  
  42  4:44  Gateway  
  46  4:46  Gateway  
  46  4:50  Probe  
  47  4:53  Probe  
  41  5:01  Probe  
  41  5:05  Probe  
  43  5:11  Probe  
  43  5:13  Observer (Chrono Boost)  
  45  5:17  Probe  
  46  5:22  Probe  
  40  5:29  Probe  
  40  5:33  Probe  
  42  5:41  Probe  
  43  5:43  Probe  
  43  5:44  Twilight Council  
  44  5:51  Forge  
  44  5:53  Probe  
  44  5:54  Probe  
  46  6:04  Probe  
  46  6:05  Probe  
  48  6:15  Probe  
  48  6:18  Adept x4, Probe  
  54  6:47  Probe  
  54  6:49  Probe  
  54  6:50  Charge (Chrono Boost)  
  54  6:53  Protoss Ground Weapons Level 1  
  56  6:59  Templar Archives  
  56  7:04  Probe  
  56  7:05  Probe  
  58  7:08  Nexus  
  58  7:09  Assimilator  
  58  7:11  Assimilator x2  
  58  7:13  Pylon  
  58  7:14  Probe  
  58  7:16  Pylon  
  58  7:17  Probe  
  58  7:18  Pylon  
  58  7:20  Observer  
  61  7:23  Pylon  
  61  7:30  Probe  
  61  7:32  Probe  
  63  7:40  Psionic Storm  
  63  7:41  Probe  
  63  7:42  Observer  
  63  7:44  Probe, High Templar x2  
  66  7:45  Zealot x3  
  76  7:56  Probe  
  77  8:15  Pylon  
  77  8:19  Pylon  
  77  8:20  Blink (Chrono Boost)  
  77  8:21  High Templar x2  
  77  8:22  Pylon  
  77  8:25  Archon  
  81  8:28  Gateway  
  81  8:30  Zealot  
  81  8:31  Zealot x3  
  81  8:32  Gateway  
  81  8:56  Stalker x4  
  81  8:57  Stalker  
  91  9:26  Zealot x3  
  91  9:27  Zealot x3  
  78  10:02  Adept  
  78  10:03  Adept x5  
Show
View Real Time Build Order
Export as new Build Order

Gaoh Terran 

Build Orders: MMM Bio 

Get SALT Encoding   

  12  0:01  SCV  
  13  0:13  SCV  
  14  0:22  Supply Depot  
  14  0:25  SCV  
  15  0:32  Refinery  
  15  0:44  SCV  
  15  0:45  Barracks  
  16  0:56  SCV  
  17  1:03  Refinery  
  17  1:08  SCV  
  18  1:20  SCV  
  19  1:32  SCV  
  20  1:35  Supply Depot  
  20  1:36  Reaper  
  21  1:45  Orbital Command  
  21  1:55  Factory  
  21  2:09  Barracks Reactor  
  21  2:13  SCV  
  21  2:14  Engineering Bay  
  22  2:25  SCV  
  23  2:37  SCV  
  23  2:40  Widow Mine  
  23  2:43  Starport  
  25  2:46  Marine x2  
  25  2:49  SCV  
  25  2:51  Bunker  
  28  3:01  SCV, Supply Depot  
  28  3:04  Marine x2  
  31  3:20  Supply Depot  
  31  3:22  Marine x2, Widow Mine  
  35  3:29  Medivac  
  35  3:33  Supply Depot  
  36  3:40  Supply Depot  
  35  3:41  Marine x2  
  37  3:49  SCV  
  37  3:54  Bunker  
  38  3:59  Marine  
  38  4:01  Marine  
  37  4:10  Supply Depot  
  36  4:19  Marine x2  
  38  4:30  SCV  
  37  4:31  Widow Mine  
  39  4:45  Supply Depot  
  39  4:47  Marine x2, SCV  
  39  4:49  Missile Turret  
  42  4:59  SCV  
  43  5:05  Medivac  
  45  5:11  SCV, Supply Depot  
  46  5:23  SCV  
  47  5:30  Widow Mine  
  47  5:38  Command Center  
  45  5:46  Barracks  
  45  5:55  Medivac  
  47  6:06  Barracks  
  47  6:07  Barracks Tech Lab  
  47  6:27  Marauder  
  47  6:28  Stimpack  
  47  6:31  Factory Tech Lab  
  43  6:53  Marine x3  
  43  6:54  Marine  
  47  7:05  SCV  
  47  7:07  Orbital Command  
  48  7:12  Marauder  
  50  7:17  Marine x2, SCV  
  50  7:20  Barracks Tech Lab  
  53  7:29  Barracks  
  53  7:30  Starport Reactor  
  53  7:33  Marauder  
  55  7:37  Barracks  
  55  7:39  Marauder  
  57  7:45  Combat Shields  
  57  7:48  SCV x2  
  59  7:55  Marauder, Supply Depot  
  59  7:56  Supply Depot  
  61  8:00  SCV  
  61  8:01  Marauder  
  64  8:11  Widow Mine  
  66  8:16  Marauder  
  66  8:17  SCV  
  66  8:18  SCV  
  70  8:20  Marine x2  
  70  8:21  Barracks Reactor  
  70  8:22  Marauder  
  74  8:30  Missile Turret, SCV x2  
  76  8:37  Marine, Marauder  
  76  8:38  Marine x2  
  81  8:42  SCV x2, Medivac  
  81  8:44  Marauder  
  81  8:53  Widow Mine  
  63  8:55  Marine, Marauder  
  63  8:56  Marine  
  63  8:59  Marauder  
  63  9:02  Ghost Academy  
  67  9:03  Medivac  
  67  9:05  Marauder  
  71  9:12  Medivac  
  71  9:13  Marine  
  76  9:17  Marauder, SCV x2  
  76  9:20  Marauder  
  76  9:21  Marine x2  
  82  9:33  Medivac  
  84  9:39  Ghost x2  
  84  9:45  Medivac  
  64  9:56  Marine  
  64  9:57  Marauder  
Tags
 
Add a new tag
Caveats
  • Supply blocks, unpowered buildings, or Contaminate may cause inaccurate times.
  • Supply counts are checked every 10 seconds.